 Seeded DCSS version 0.28-a0-1616-g050a50673c (webtiles) character file.

Game seed: 3163959909561139763 (custom seed)

445 innerfire433 the Skirmisher (level 6, -21/49 HPs)
             Began as a Demonspawn Chaos Knight on Jan 22, 2022.
             Was a Plaything of Xom.
             Killed by the air
             ... invoked by Gastronok
              (33 damage)
             ... on level 8 of the Dungeon.
             The game lasted 00:06:48 (2960 turns).

innerfire433 the Skirmisher (DsCK)                  Turns: 2960, Time: 00:06:48

Health: -21/49     AC:  3    Str: 18    XL:     6   Next: 72%
Magic:  0/6        EV: 11    Int: 13    God:    Xom [....*.]
Gold:   152        SH:  4    Dex: 13    Spells: 5/5 levels left

rFire   . . .      SeeInvis .   l - +5 quick blade
rCold   . . .      Faith    .   (no shield)
rNeg    . . .      Spirit   +   i - +1 robe of the Orb {*Slow Regen+ Str+2}
rPois   .          Reflect  .   (helmet restricted)
rElec   .          Harm     .   (no cloak)
rCorr   .          Rampage  .   (no gloves)
Will    .....                   (no boots)
Stlth   +.........              d - amulet of guardian spirit
HPRegen 0.96/turn               (no ring)
MPRegen 0.10/turn               (no ring)

@: no status effects
A: hooves 1, foul stench 1, condensation shield, horns 1, strong 1
a: Renounce Religion


You were on level 8 of the Dungeon.
You worshipped Xom.
You were a beloved toy of Xom.
You visited 1 branch of the dungeon, and saw 6 of its levels.

You collected 152 gold pieces.

Inventory:

Hand Weapons
 a - a +0 mace of chaos
 l - a +5 quick blade (weapon)
Missiles
 g - 30 stones (quivered)
Armour
 b - a +2 leather armour
 i - the +1 robe of the Orb (worn) {*Slow Regen+ Str+2}
   (You found it on level 2 of the Dungeon)

   Str:       It affects your strength (+2).
   Regen:     It increases your rate of health regeneration.
   *Slow:     It may slow you when you take damage.
 q - a +0 helmet
Jewellery
 d - an amulet of guardian spirit (around neck)
Wands
 e - a wand of acid (6)
 o - a wand of flame (5)
Scrolls
 c - 2 scrolls of vulnerability
 k - 2 scrolls of blinking
 m - a scroll of identify
 n - 2 scrolls of summoning {unknown}
 p - 2 scrolls of teleportation
Potions
 f - a potion of heal wounds
 h - 2 potions of might
 j - 2 potions of curing {unknown}
 r - a potion of attraction {unknown}
 s - a potion of mutation {unknown}


   Skills:
 + Level 4.5 Fighting
 * Level 3.5 Short Blades
 - Level 3.6 Maces & Flails
 + Level 3.5 Armour
 - Level 0.8 Dodging


You had 5 spell levels left.
You didn't know any spells.
Your spell library was empty.

Dungeon Overview and Level Annotations

Branches:
Dungeon (5/15)             Temple (0/1) D:4

Altars:
Elyvilon
Xom

Shops:
D:3 [

Portals:
Sewer: D:3

Annotations:
D:8 Gastronok


Innate Abilities, Weirdness & Mutations

You have large cloven feet.
You may rarely emit foul miasma when damaged in melee.
A meltable shield of frost defends you. (SH +4)
You have a pair of small horns on your head.
Your muscles are strong. (Str +2)


Message History

You block the orc's attack.
You hit the orc. You kick the orc.
You kill the orc!
You see here a +0 dagger.
Found a stone staircase leading down.
Gastronok the Ponderous comes into view.
Gastronok gurgles horribly!
You hear a roar!
Gastronok gurgles, "A snack!
A snack!"
Found a stone staircase leading down.
A manticore comes into view.
You hit Gastronok. You kick Gastronok.
Gastronok is lightly wounded.
An acid dragon comes into view.
You hit Gastronok.
Gastronok is lightly wounded.
You completely miss Gastronok.
Gastronok is lightly wounded.
The acid dragon spits acid at you. You block the splash of acid.
You hit Gastronok.
Gastronok is lightly wounded.
You block Gastronok's attack.
The manticore flicks its tail.
You block the volley of spikes. The acid dragon spits acid at you.
The splash of acid hits you! The acid corrodes you!
Gastronok sloshes about.
Gastronok bites you!!!
Ouch! That really hurt!
* * * LOW HITPOINT WARNING * * *
Xom roars with laughter!
Unknown command.
Gastronok's eyestalks stretch out, then return to normal size.
Gastronok makes a strange noise.
You are no longer corroded.
Gastronok waves his eye-stalks in wide circles.
The air twists around and strikes you!!
Ouch! That really hurt!
You die...
Xom is highly amused!

# ....... ##. ..D....
..# .....#
#.###.....#
#..wH...># #..#.....#
#.H####### # .
#..Dw....#####.#....
##..#####...@........
#.....)...#####.#...!
......#######.# # .
.##...# #.# ......
#.# ....... #..
.>...... #.. ##.##...
#.≈≈ .. ##... #...


You could see Gastronok.

Vanquished Creatures
  A black bear (D:4)
  A boggart (D:4)
  A jelly (D:4)
  2 iguanas (D:4)
  5 adders
  4 gnolls (D:4)
  A shadow imp (D:4)
  2 worms
  A dart slug (D:2)
  14 orcs
  7 ball pythons
  3 endoplasms
  2 giant cockroaches
  2 goblins
  8 hobgoblins
  2 jackals (D:1)
  2 quokkas (D:2)
  5 bats
  2 frilled lizards
  4 kobolds
  A rat (D:1)
70 creatures vanquished.

Vanquished Creatures (collateral kills)
  2 gnolls (D:4)
  A kobold (D:4)
3 creatures vanquished.

Grand Total: 73 creatures vanquished

Notes
Turn   | Place    | Note
-------+----------+-------------------------------------------
     0 | D:1      | innerfire433 the Demonspawn Chaos Knight began the quest
                  | for the Orb.
     0 | D:1      | Reached XP level 1. HP: 18/18 MP: 1/1
    71 | D:1      | Found a faded altar of an unknown god.
   190 | D:1      | Gained mutation: A meltable shield of frost defends you.
                  | (SH +4) [demonic ancestry]
   190 | D:1      | Reached XP level 2. HP: 24/24 MP: 2/2
   194 | D:1      | XOM: silly message
   345 | D:1      | XOM: 6-stop teleportation journey
   388 | D:2      | XOM: 5-stop teleportation journey
   421 | D:2      | Identified the +1 robe of the Orb {*Slow Regen+ Str+2}
   577 | D:2      | XOM: scenery: create altars
   585 | D:2      | Reached XP level 3. HP: 29/29 MP: 1/3
   827 | D:2      | XOM: scenery: 1 doors open
  1225 | D:2      | XOM: divination: magic mapping
  1360 | D:3      | XOM: god gift: 8 stones
  1364 | D:3      | Identified a scroll of acquirement
  1364 | D:3      | Acquired a +5 quick blade
  1378 | D:3      | Gained mutation: You have large cloven feet. [demonic
                  | ancestry]
  1378 | D:3      | Reached XP level 4. HP: 21/35 MP: 1/4
  1426 | D:3      | XOM: cloud trail
  1547 | D:3      | Reached skill level 1 in Short Blades
  1604 | D:3      | Found a glowing drain.
  1616 | D:3      | XOM: give mutations
  1616 | D:3      | Gained mutation: Your muscles are strong. (Str +2) [Xom's
                  | grace]
  1616 | D:3      | Gained mutation: You have a pair of small horns on your
                  | head. [Xom's grace]
  1673 | D:3      | Found Miogytud's Antique Armour Emporium.
  1879 | D:3      | XOM: 6-stop teleportation journey
  1968 | D:4      | Noticed a black bear
  1975 | D:4      | Killed a black bear
  1976 | D:4      | Reached skill level 4 in Fighting
  1976 | D:4      | Reached XP level 5. HP: 42/42 MP: 5/5
  1982 | D:4      | XOM: confuse monster(s)
  2020 | D:4      | Gained mutation: You may rarely emit foul miasma when
                  | damaged in melee. [demonic ancestry]
  2020 | D:4      | Reached XP level 6. HP: 48/48 MP: 4/6
  2112 | D:4      | Found a staircase to the Ecumenical Temple.
  2241 | D:4      | Noticed Eustachio
  2260 | D:4      | Noticed Eustachio
  2260 | D:4      | Eustachio changed into Eustachio the boggart
  2260 | D:4      | XOM: polymorph Eustachio -> Eustachio the boggart
  2261 | D:4      | XOM: destruction
  2263 | D:4      | Killed Eustachio the boggart
  2657 | D:4      | XOM: cloud trail
  2889 | D:5      | Entered Level 5 of the Dungeon
  2913 | D:5      | You fall into a shaft and drop 3 floors!
  2936 | D:8      | Noticed Gastronok
  2939 | D:8      | Noticed a manticore
  2941 | D:8      | Noticed an acid dragon
  2948 | D:8      | HP: 1/49 [Gastronok (35)]
  2960 | D:8      | Killed from afar by Gastronok

Illustrated notes

Levels and vault maps discovered:
D:1:      lemuel_arrival_funnel, layout_basic, serial_shops, shop_fountains,
          nicolae_ecumenical_lake_church
D:2:      layout_loops_corners
D:3:      layout_loops_ring, serial_shops, nicolae_shop_hallway_stairs,
          cheibrodos_sewer_entry_sluice
D:4:      layout_cave_pods, overflow_temple_1_default, temple_green,
          uniq_eustachio
D:5:      layout_basic, tgw_trog, chequers_ossuary_entry_cave,
          uniq_prince_ribbit1
D:8:      layout_rooms, lemuel_round_altar, mainiacjoe_overflow_catwalk,
          lemuel_tele_altar, minmay_joined_circles, uniq_gastronok

Skill      XL: |  1  2  3  4  5  6 |
---------------+-------------------+-----
Maces & Flails | 3 |  3.6
Armour         | 2 3 |  3.5
Short Blades   | 2 3 |  3.5
Fighting       | 4 |  4.5
Dodging        | |  0.8

Action                   |  1- 3 |  4- 6 || total
-------------------------+-------+-------++-------
Melee: Mace              |    98 |       ||    98
       Quick blade       |     9 |   100 ||   109
       Kick              |       |    23 ||    23
       Headbutt          |       |     9 ||     9
  Use: Scroll            |     5 |     1 ||     6
       Potion            |       |     5 ||     5
 Stab: Distracted        |     1 |       ||     1
       Sleeping          |     1 |       ||     1
Armor: Leather armour    |    11 |       ||    11
       Robe              |    15 |     7 ||    22
       Skin              |       |     4 ||     4
Dodge: Dodged            |    65 |    32 ||    97
Block: Other             |    16 |    18 ||    34

Table legend: (Time is in decaauts)
 A = Elapsed time spent in this place.
 B = Non-inter-level travel time spent in this place.
 C = Inter-level travel time spent in this place.
 D = Time resting spent in this place.
 E = Time spent auto-exploring this place.
 F = Levels seen in this place.
 G = Mean time per level.
                   A        B        C        D        E       F      G
               +--------+--------+--------+--------+--------+-----+--------+
         Total |   2946 |   2710 |    236 |      0 |   2141 |   6 |  491.0 |
       Dungeon |   2946 |   2710 |    236 |      0 |   2141 |   6 |  491.0 |
               +--------+--------+--------+--------+--------+-----+--------+

Top non-repeatable levels by time:
     D:2: 991 daAuts
     D:4: 898 daAuts
     D:3: 599 daAuts
     D:1: 389 daAuts
     D:8: 44 daAuts
     D:5: 23 daAuts
